 Dungeon Crawl Stone Soup version 0.21-a0-552-g593960d (webtiles) character file.

40 Klosterheim the Skirmisher (level 3, -1/37 HPs)
             Began as an Ogre Skald on Dec 17, 2017.
             Slain by a quokka (2 damage)
             ... on level 2 of the Dungeon.
             The game lasted 00:02:11 (1450 turns).

Klosterheim the Skirmisher (Ogre Skald)             Turns: 1450, Time: 00:02:12

Health: -1/37      AC:  3    Str: 15    XL:     3   Next: 50%
Magic:  7/7        EV: 10    Int: 15    God:
Gold:   72         SH:  0    Dex:  8    Spells: 4/7 levels left

rFire    . . .     SeeInvis .   a - +0 mace
rCold    . . .     Gourm    .   (no shield)
rNeg     . . .     Faith    .   b - +0 robe
rPois    .         Spirit   .   (helmet restricted)
rElec    .         Reflect  .   (no cloak)
rCorr    .         Harm     .   (gloves unavailable)
MR       .....                  (boots unavailable)
Stlth    +.........             (no amulet)
HPRegen  0.12/turn              (no ring)
MPRegen  0.10/turn              (no ring)

@: no status effects
A: large, unfitting armour, tough skin 1
a: no special abilities


You were on level 2 of the Dungeon.
You were not hungry.

You visited 1 branch of the dungeon, and saw 2 of its levels.

You collected 72 gold pieces.

Inventory:

Hand Weapons
 a - a +0 mace (weapon)
Armour
 b - a +0 robe (worn)
Jewellery
 o - an uncursed ring of ice
Scrolls
 f - a scroll of fear {unknown}
 g - 2 scrolls of teleportation {unknown}
 m - 2 scrolls of identify {unknown}
Potions
 e - a potion of curing {unknown}
 h - 2 potions of agility {unknown}
 i - a potion of berserk rage {unknown}
 j - a potion of mutation {unknown}
 k - a potion of haste {unknown}
 q - 2 potions of ambrosia {unknown}
Books
 c - a book of Battle

   Spells                             Type                      Level
   a - Infusion                       Charms                       1
   b - Shroud of Golubria             Charms/Translocation         2
   c - Song of Slaying                Charms                       2
   d - Spectral Weapon                Hexes/Charms                 3
   e - Regeneration                   Charms/Necromancy            3
Comestibles
 d - a bread ration
 l - 2 meat rations
 n - a royal jelly
 p - 3 chunks of flesh


   Skills:
 + Level 3.2 Fighting
 * Level 2.5 Maces & Flails
 - Level 2.1 Dodging
 + Level 2.8 Spellcasting
 + Level 3.0 Charms
 + Level 0.2 Translocations


You had 4 spell levels left.
You knew the following spells:

 Your Spells              Type           Power        Failure   Level  Hunger
a - Infusion              Chrm           ##..         6%          1    #......
b - Shroud of Golubria    Chrm/Tloc      #.........   16%         2    ##.....


Dungeon Overview and Level Annotations

Branches:
Dungeon (2/15)

Altars:


Innate Abilities, Weirdness & Mutations

You are too large for most types of armour.
You have tough skin. (AC +1)


Message History

You kill the quokka!
The quokka bites you. The quokka misses you.
You are too injured to fight recklessly!
You are too injured to fight recklessly!
You are too injured to fight recklessly!
There is an open door here.
The quokka misses you. The quokka bites you. The quokka barely misses you.
You hit the quokka but do no damage. The quokka bites you.
* * * LOW HITPOINT WARNING * * *
You closely miss the quokka. The quokka bites you.
* * * LOW HITPOINT WARNING * * *
The quokka bites you but does no damage.
You closely miss the quokka. The quokka bites you.
* * * LOW HITPOINT WARNING * * *
You closely miss the quokka. The quokka misses you. The quokka bites you.
* * * LOW HITPOINT WARNING * * *
You miss the quokka. The quokka bites you.
You die...

#..#.# .
.....#..#.# ..
#.... ....# ..#
#.... #.>.# ..# #
....##...#..#
..#+####
#...#..†..#
#.#..... +...#...#
.......###...#.###
.......#.+...'.r@#
#....#.#.#...###.#
.......#.........#
.....#.#..#.######
..........#.#
.....#.##.#'##
.....#.#.....#
.....#.......#
.#..######...#


You could see a quokka.

Vanquished Creatures
  3 dart slugs
  3 leopard geckos (D:1)
  A ball python (D:1)
  A giant cockroach (D:1)
  2 goblins (D:1)
  2 hobgoblins (D:1)
  4 jackals (D:1)
  4 kobolds (D:1)
  A quokka (D:2)
  2 bats (D:1)
  2 frilled lizards (D:1)
  5 rats (D:1)
30 creatures vanquished.

Notes
Turn   | Place    | Note
-------+----------+-------------------------------------------
     0 | D:1      | Klosterheim the Ogre Skald began the quest for the Orb.
     0 | D:1      | Reached XP level 1. HP: 22/22 MP: 3/3
   237 | D:1      | Reached XP level 2. HP: 24/29 MP: 5/5
   550 | D:1      | Learned a level 2 spell: Shroud of Golubria
   693 | D:1      | Reached XP level 3. HP: 14/37 MP: 0/7
  1449 | D:2      | HP: 1/37 [quokka (1)]
  1450 | D:2      | Slain by a quokka

Vault maps used:
D:1:      zaba_arrival_water, minmay_misc_feat_alley
D:2:      minmay_diamond_boxcup, chequers_temple_overflow_statue_of_worship,
          first_bread

Skill      XL: |  1  2  3 |
---------------+----------+-----
Maces & Flails | 2 |  2.5
Fighting       | 3 |  3.2
Charms         | 3 |  3.0
Dodging        | |  2.1
Spellcasting   | |  2.8
Translocations | |  0.2

Action                   || total
-------------------------++-------
Melee: Mace              ||   109
 Cast: Shroud of Golubri ||     3
       Infusion          ||     2
  Eat: Chunk             ||     2
Armor: Robe              ||    47
Dodge: Dodged            ||    91

Table legend:
 A = Spawn XP
 B = Non-spawn XP
 C = Spawn XP percentage of total XP
 D = Spawn monster count
 E = Non-spawn monster count
 F = Spawn count percentage of total count
 G = Total turns spent on level
                    A         B        C        D         E        F      G
               +---------+---------+-------+---------+---------+-------+---------
         Total |       0 |      58 |   0.0 |       0 |      30 |   0.0 |  1450
               +---------+---------+-------+---------+---------+-------+---------
           D:1 |       0 |      52 |   0.0 |       0 |      28 |   0.0 |  1409
           D:2 |       0 |       6 |   0.0 |       0 |       2 |   0.0 |    41
               +---------+---------+-------+---------+---------+-------+---------
